TOP OF THE 1ST |
Washington Nationals batting - Pitching for Miami Marlins : RHP Ray Duncan
|
Pitching: RHP Ray Duncan
|
|
Batting: RHB Nick Esteves
|
0-0: Ball 1-0: Ground out 5-3 (Groundball, 56, EV 80.6 MPH)
|
Batting: SHB Junzo Kato
|
0-0: Ball 1-0: Called Strike 1-1: Ball 2-1: Ball 3-1: Ground out 3-1 (Groundball, 34S, EV 81.9 MPH)
|
Batting: LHB Armando Carbajal
|
0-0: Called Strike 0-1: Ball 1-1: Fly out, F7 (Flyball, 7, EV 85.6 MPH)
|
Top of the 1st over - 0 runs, 0 hits, 0 errors, 0 left on base; Washington 0 - Miami 0 |
BOTTOM OF THE 1ST |
Miami Marlins batting - Pitching for Washington Nationals : LHP Dale Ahernfeld
|
Pitching: LHP Dale Ahernfeld
|
|
Batting: RHB Justin Huff
|
0-0: Ground out 5-3 (Groundball, 56, EV 88.1 MPH)
|
Batting: RHB Seth Tramontano
|
0-0: Ball 1-0: DOUBLE (Flyball, 89XD, EV 109.4 MPH)
|
Batting: LHB Andre Gorter
|
0-0: Foul Ball, location: 2F 0-1: Ball 1-1: Ball 2-1: Ball 3-1: 2-RUN HOME RUN (Flyball, 78XD, EV 103.1 MPH), Distance : 406 ft
|
Batting: RHB Jimmy Groseclose
|
0-0: Ball 1-0: Foul Ball, location: 2F 1-1: Foul Ball, location: 2F 1-2: Ground out 6-3 (Groundball, 6S, EV 87.5 MPH)
|
Batting: RHB Micah Christopher
|
0-0: Called Strike 0-1: Ball 1-1: Swinging Strike 1-2: Ball 2-2: Foul Ball, location: 2F 2-2: Strikes out swinging
|
Bottom of the 1st over - 2 runs, 2 hits, 0 errors, 0 left on base; Washington 0 - Miami 2 |
TOP OF THE 2ND |
Washington Nationals batting - Pitching for Miami Marlins : RHP Ray Duncan
|
Batting: RHB C.J. Beavers
|
0-0: Called Strike 0-1: Foul Ball, location: 2F 0-2: Ball 1-2: Strikes out looking
|
Batting: RHB John Sanders
|
0-0: Ball 1-0: Ground out 5-3 (Groundball, 56, EV 78.8 MPH)
|
Batting: RHB Dan Fallon
|
0-0: Ball 1-0: Fly out, F2 (Popup, 23F, EV 84.4 MPH)
|
Top of the 2nd over - 0 runs, 0 hits, 0 errors, 0 left on base; Washington 0 - Miami 2 |
BOTTOM OF THE 2ND |
Miami Marlins batting - Pitching for Washington Nationals : LHP Dale Ahernfeld
|
Batting: RHB Steve Barnard
|
0-0: Ball 1-0: Fly out, F9 (Flyball, 9D, EV 95.6 MPH)
|
Batting: SHB Ramon Martinez
|
0-0: Ball 1-0: Ball 2-0: Ball 3-0: Base on Balls
|
Batting: RHB Greg Herzig
|
0-0: Called Strike Ramon Martinez steals 2nd base 0-1: Ball 1-1: Ball 2-1: Foul Ball, location: 2F 2-2: Strikes out looking
|
Batting: LHB Chris Locklear
|
0-0: Called Strike 0-1: Ball 1-1: Fly out, F8 (Line Drive, 8RM, EV 84.4 MPH)
|
Bottom of the 2nd over - 0 runs, 0 hits, 0 errors, 1 left on base; Washington 0 - Miami 2 |
TOP OF THE 3RD |
Washington Nationals batting - Pitching for Miami Marlins : RHP Ray Duncan
|
Batting: RHB Jared Speck
|
0-0: Swinging Strike 0-1: Swinging Strike 0-2: Ball 1-2: Ball 2-2: Ground out 4-3 (Groundball, 4, EV 82.5 MPH)
|
Batting: LHB Dana McDonald
|
0-0: Swinging Strike 0-1: SOLO HOME RUN (Flyball, 9D, EV 103.8 MPH), Distance : 384 ft
|
Batting: RHB Masashi Yukizawa
|
0-0: Called Strike 0-1: Foul Ball, location: 2F 0-2: Ball 1-2: Strikes out swinging
|
Batting: RHB Nick Esteves
|
0-0: Ball 1-0: Called Strike 1-1: Ball 2-1: Ball 3-1: Foul Ball, location: 2F 3-2: Fly out, F8 (Flyball, 8LD, EV 97.5 MPH)
|
Top of the 3rd over - 1 run, 1 hit, 0 errors, 0 left on base; Washington 1 - Miami 2 |
BOTTOM OF THE 3RD |
Miami Marlins batting - Pitching for Washington Nationals : LHP Dale Ahernfeld
|
Batting: RHB Justin Huff
|
0-0: Called Strike 0-1: Swinging Strike 0-2: Ball 1-2: Foul Ball, location: 2F 1-2: Ground out 5-3 (Groundball, 56, EV 76.2 MPH)
|
Batting: RHB Seth Tramontano
|
0-0: Ground out 5-3 (Groundball, 56S, EV 85.0 MPH)
|
Batting: LHB Andre Gorter
|
0-0: Ground out 4-3 (Groundball, 34, EV 82.5 MPH)
|
Bottom of the 3rd over - 0 runs, 0 hits, 0 errors, 0 left on base; Washington 1 - Miami 2 |
TOP OF THE 4TH |
Washington Nationals batting - Pitching for Miami Marlins : RHP Ray Duncan
|
Batting: SHB Junzo Kato
|
0-0: Called Strike 0-1: Ball 1-1: DOUBLE (Flyball, 78D, EV 100.0 MPH)
|
Batting: LHB Armando Carbajal
|
0-0: Ball 1-0: Called Strike 1-1: Ground out 4-3 (Groundball, 4, EV 105.0 MPH) Junzo Kato to third
|
Batting: RHB C.J. Beavers
|
0-0: Ball 1-0: Ball 2-0: Ball 3-0: Called Strike 3-1: Fly out, F6 (Popup, 4S, EV 75.6 MPH)
|
Batting: RHB John Sanders
|
0-0: Ball 1-0: Ball 2-0: Ground out 6-3 (Groundball, 6, EV 78.8 MPH)
|
Top of the 4th over - 0 runs, 1 hit, 0 errors, 1 left on base; Washington 1 - Miami 2 |
BOTTOM OF THE 4TH |
Miami Marlins batting - Pitching for Washington Nationals : LHP Dale Ahernfeld
|
Batting: RHB Jimmy Groseclose
|
0-0: Ball 1-0: Fly out, F7 (Line Drive, 7, EV 90.6 MPH)
|
Batting: RHB Micah Christopher
|
0-0: Swinging Strike 0-1: Swinging Strike 0-2: Fly out, F7 (Line Drive, 7, EV 87.5 MPH)
|
Batting: RHB Steve Barnard
|
0-0: Ball 1-0: Called Strike 1-1: Ball 2-1: Foul Ball, location: 2F 2-2: Ground out U3 (Groundball, 34, EV 79.4 MPH)
|
Bottom of the 4th over - 0 runs, 0 hits, 0 errors, 0 left on base; Washington 1 - Miami 2 |
TOP OF THE 5TH |
Washington Nationals batting - Pitching for Miami Marlins : RHP Ray Duncan
|
Batting: RHB Dan Fallon
|
0-0: Called Strike 0-1: Ground out 4-3 (Groundball, 4, EV 79.4 MPH)
|
Batting: RHB Jared Speck
|
0-0: Ball 1-0: Ball 2-0: Ground out U3 (Groundball, 3, EV 102.5 MPH)
|
Batting: LHB Dana McDonald
|
0-0: Foul Ball, location: 2F 0-1: Swinging Strike 0-2: Ball 1-2: Ground out 6-3 (Groundball, 4M, EV 106.9 MPH)
|
Top of the 5th over - 0 runs, 0 hits, 0 errors, 0 left on base; Washington 1 - Miami 2 |
BOTTOM OF THE 5TH |
Miami Marlins batting - Pitching for Washington Nationals : LHP Dale Ahernfeld
|
Batting: SHB Ramon Martinez
|
0-0: Called Strike 0-1: Ball 1-1: Hit by Pitch
|
Batting: RHB Greg Herzig
|
0-0: Called Strike 0-1: SINGLE (Flyball, 8LS, EV 89.4 MPH) Ramon Martinez to second
|
Batting: LHB Chris Locklear
|
0-0: Ball 1-0: Swinging Strike 1-1: Foul Ball, location: 2F 1-2: Strikes out swinging
|
Batting: RHB Justin Huff
|
0-0: Called Strike 0-1: Grounds into double play, 6-4-3 (Groundball, 6, EV 91.2 MPH)
|
Bottom of the 5th over - 0 runs, 1 hit, 0 errors, 1 left on base; Washington 1 - Miami 2 |
TOP OF THE 6TH |
Washington Nationals batting - Pitching for Miami Marlins : RHP Ray Duncan
|
Batting: RHB Masashi Yukizawa
|
0-0: Ball 1-0: Foul Ball, location: 2F 1-1: Foul Ball, location: 2F 1-2: Foul Ball, location: 2F 1-2: Ball 2-2: SOLO HOME RUN (Flyball, 7D, EV 96.9 MPH), Distance : 377 ft
|
Batting: RHB Nick Esteves
|
0-0: Swinging Strike 0-1: Swinging Strike 0-2: Reaches on Catchers interference
|
Batting: SHB Junzo Kato
|
0-0: Ball 1-0: Fielders Choice at 2nd, 4-6 (Groundball, 4, EV 103.8 MPH)
|
Batting: LHB Armando Carbajal
|
0-0: Ball 1-0: Foul Ball, location: 2F 1-1: Called Strike 1-2: Foul Ball, location: 2F 1-2: Ball 2-2: Ball 3-2: Foul Ball, location: 2F 3-2: Grounds into double play, 4-6-3 (Groundball, 4D, EV 96.2 MPH)
|
Top of the 6th over - 1 run, 1 hit, 1 error, 0 left on base; Washington 2 - Miami 2 |
BOTTOM OF THE 6TH |
Miami Marlins batting - Pitching for Washington Nationals : LHP Dale Ahernfeld
|
Batting: RHB Seth Tramontano
|
0-0: Called Strike 0-1: Foul Ball, location: 2F 0-2: Strikes out looking
|
Batting: LHB Andre Gorter
|
0-0: Called Strike 0-1: Ball 1-1: Foul Ball, location: 2F 1-2: Ground out 4-3 (Groundball, 4, EV 85.0 MPH)
|
Batting: RHB Jimmy Groseclose
|
0-0: Ball 1-0: Ground out 6-3 (Groundball, 6S, EV 87.5 MPH)
|
Bottom of the 6th over - 0 runs, 0 hits, 0 errors, 0 left on base; Washington 2 - Miami 2 |
TOP OF THE 7TH |
Washington Nationals batting - Pitching for Miami Marlins : RHP Ray Duncan
|
Batting: RHB C.J. Beavers
|
0-0: Foul Ball, location: 2F 0-1: Ground out 6-3 (Groundball, 6, EV 86.9 MPH)
|
Batting: RHB John Sanders
|
0-0: Foul Ball, location: 2F 0-1: Ground out U3 (Groundball, 34, EV 105.0 MPH)
|
Batting: RHB Dan Fallon
|
0-0: Ball 1-0: Ball 2-0: Ball 3-0: Called Strike 3-1: Fly out, F7 (Line Drive, 7D, EV 100.0 MPH)
|
Top of the 7th over - 0 runs, 0 hits, 0 errors, 0 left on base; Washington 2 - Miami 2 |
BOTTOM OF THE 7TH |
Miami Marlins batting - Pitching for Washington Nationals : LHP Dale Ahernfeld
|
Batting: RHB Micah Christopher
|
0-0: Ball 1-0: Swinging Strike 1-1: DOUBLE (Line Drive, 9LS, EV 109.4 MPH)
|
Batting: RHB Steve Barnard
|
0-0: Intentional Walk
|
Batting: SHB Ramon Martinez
|
0-0: Ball 1-0: Foul Ball, location: 2F 1-1: Ball 2-1: Ball 3-1: DOUBLE (Groundball, 5L, EV 109.4 MPH) Micah Christopher scores Steve Barnard to third
|
Batting: RHB Greg Herzig
|
0-0: Intentional Walk
|
Batting: LHB Chris Locklear
|
0-0: Called Strike 0-1: Ball 1-1: Grounds into double play, 6-2-3 (Groundball, 6, EV 100.6 MPH) Ramon Martinez to third Greg Herzig to second
|
Batting: RHB Justin Huff
|
0-0: Called Strike 0-1: Called Strike 0-2: Strikes out swinging
|
Bottom of the 7th over - 1 run, 2 hits, 0 errors, 2 left on base; Washington 2 - Miami 3 |
TOP OF THE 8TH |
Washington Nationals batting - Pitching for Miami Marlins : RHP Ray Duncan
|
Pinch Hitting: LHB R.J. O'Brien
|
0-0: Called Strike 0-1: Ground out 1-3 (Groundball, 34S, EV 63.8 MPH)
|
Batting: LHB Dana McDonald
|
0-0: Ball 1-0: Ball 2-0: Ball 3-0: Base on Balls
|
Pinch Hitting: LHB Seth Cook
|
0-0: Ball 1-0: Fielders Choice at 2nd, 1-4 (Groundball, 25, EV 73.8 MPH)
|
Pinch Hitting: LHB Sidney Pedder
|
0-0: Ball 1-0: Ball 2-0: Fly out, F9 (Flyball, 9, EV 84.4 MPH)
|
Top of the 8th over - 0 runs, 0 hits, 0 errors, 1 left on base; Washington 2 - Miami 3 |
BOTTOM OF THE 8TH |
Miami Marlins batting - Pitching for Washington Nationals : LHP Dale Ahernfeld
|
Now at SS: Sidney Pedder
|
|
Now in LF: Dillon Gonzalez
|
|
Now in CF: R.J. O'Brien
|
|
Batting: RHB Seth Tramontano
|
0-0: Ball 1-0: Ball 2-0: Called Strike 2-1: DOUBLE (Line Drive, 9LM, EV 105.6 MPH)
|
Batting: LHB Andre Gorter
|
0-0: Ball 1-0: Called Strike 1-1: Ball 2-1: Called Strike 2-2: Ball 3-2: Base on Balls
|
Batting: RHB Jimmy Groseclose
|
0-0: Foul Ball, location: 2F 0-1: Called Strike 0-2: Ball 1-2: Ball 2-2: Ball 3-2: Grounds into double play, 2-4-3 (Groundball, 2L, EV 62.5 MPH) Seth Tramontano to third
|
Batting: RHB Micah Christopher
|
0-0: Foul Ball, location: 2F 0-1: Ball 1-1: Foul Ball, location: 2F 1-2: Foul Ball, location: 2F 1-2: Fly out, F7 (Flyball, 78D, EV 97.5 MPH)
|
Bottom of the 8th over - 0 runs, 1 hit, 0 errors, 1 left on base; Washington 2 - Miami 3 |
TOP OF THE 9TH |
Washington Nationals batting - Pitching for Miami Marlins : RHP Ray Duncan
|
Pitching: RHP Adam Bonawitz
|
|
Batting: SHB Junzo Kato
|
0-0: Foul Ball, location: 2F 0-1: Ball 1-1: Ball 2-1: Ball 3-1: Base on Balls
|
Batting: LHB Armando Carbajal
|
0-0: Ball 1-0: Called Strike 1-1: Ball 2-1: Called Strike 2-2: Foul Ball, location: 2F 2-2: SINGLE (Groundball, 6S, EV 62.5 MPH) (infield hit) Junzo Kato to second
|
Batting: RHB C.J. Beavers
|
0-0: Ball 1-0: Ball 2-0: Called Strike 2-1: Foul Ball, location: 2F 2-2: Strikes out looking
|
Batting: RHB John Sanders
|
0-0: Ball 1-0: SINGLE (Line Drive, 8LS, EV 103.1 MPH) Junzo Kato to third Armando Carbajal to second Runner from 3rd tries for Home, SAFE, throw by CF to home
|
Pinch Runner at 2nd Luis Torres:
|
|
Batting: RHB Dan Fallon
|
0-0: Called Strike 0-1: Ball 1-1: Ball 2-1: Fly out, F8 (Line Drive, 8RM, EV 91.9 MPH)
|
Batting: LHB R.J. O'Brien
|
0-0: Swinging Strike 0-1: Called Strike 0-2: Ball 1-2: Strikes out looking
|
Top of the 9th over - 1 run, 2 hits, 0 errors, 2 left on base; Washington 3 - Miami 3 |
BOTTOM OF THE 9TH |
Miami Marlins batting - Pitching for Washington Nationals : LHP Dale Ahernfeld
|
Pitching: LHP Chris Baran
|
|
Batting: RHB Steve Barnard
|
0-0: Foul Ball, location: 2F 0-1: Swinging Strike 0-2: Ball 1-2: Strikes out swinging
|
Batting: SHB Ramon Martinez
|
0-0: SINGLE (Groundball, 25, EV 63.1 MPH) (infield hit)
|
Batting: RHB Greg Herzig
|
0-0: Ball 1-0: Ball 2-0: Called Strike 2-1: Ball 3-1: Base on Balls Ramon Martinez to second
|
Pinch Hitting: RHB Josh Crenwelge
|
0-0: Ball 1-0: Foul Ball, location: 2F 1-1: Ball 2-1: Swinging Strike 2-2: Ground out 5-3 (Groundball, 56S, EV 88.1 MPH) Ramon Martinez to third Greg Herzig to second
|
Batting: RHB Justin Huff
|
0-0: Swinging Strike 0-1: Ball 1-1: Swinging Strike 1-2: Ball 2-2: Strikes out swinging
|
Bottom of the 9th over - 0 runs, 1 hit, 0 errors, 2 left on base; Washington 3 - Miami 3 |
TOP OF THE 10TH |
Washington Nationals batting - Pitching for Miami Marlins : RHP Adam Bonawitz
|
Pitching: LHP Kyae-sung Che
|
|
Now at C: Mark Barger
|
|
Batting: LHB Dana McDonald
|
0-0: Ball 1-0: Foul Ball, location: 2F 1-1: Foul Ball, location: 2F 1-2: Ground out U3 (Groundball, 3, EV 109.4 MPH)
|
Batting: LHB Dillon Gonzalez
|
0-0: Called Strike 0-1: Fly out, F8 (Flyball, 8RM, EV 96.2 MPH)
|
Batting: LHB Sidney Pedder
|
0-0: Ball 1-0: Swinging Strike 1-1: Fly out, F9 (Flyball, 9LM, EV 86.9 MPH)
|
Top of the 10th over - 0 runs, 0 hits, 0 errors, 0 left on base; Washington 3 - Miami 3 |
BOTTOM OF THE 10TH |
Miami Marlins batting - Pitching for Washington Nationals : LHP Chris Baran
|
Batting: RHB Seth Tramontano
|
0-0: Ball 1-0: Swinging Strike 1-1: Called Strike 1-2: Strikes out swinging
|
Batting: LHB Andre Gorter
|
0-0: Called Strike 0-1: DOUBLE (Line Drive, 9LD, EV 105.6 MPH)
|
Batting: RHB Jimmy Groseclose
|
0-0: Called Strike Andre Gorter steals 3rd, throwing error, E2 Andre Gorter scores
|
Bottom of the 10th over - 1 run, 1 hit, 1 error, 0 left on base; Washington 3 - Miami 4 |
|
Game Over ... Miami defeats Washington, 4 to 3
|
|
|